 Dungeon Crawl Stone Soup version 0.30-a0-777-ga9a30cbeda (webtiles) character file.

Game seed: 1558824294804482622

84 jimonade the Chiller (level 4, -11/39 HPs)
             Began as an Ogre Ice Elementalist on Feb 13, 2023.
             Killed from afar by Sigmund (12 damage)
             ... with a puff of flame
             ... on level 2 of the Dungeon.
             The game lasted 00:04:31 (1901 turns).

jimonade the Chiller (Ogre Ice Elementalist)        Turns: 1901, Time: 00:04:32

Health: -11/39     AC:  3    Str: 18    XL:     4   Next: 46%
Magic:  9/10       EV: 15    Int: 21    God:
Gold:   128        SH:  0    Dex:  9    Spells: 4/11 levels left

rFire   . . .      SeeInvis .    a - +9 hand axe "Netziole" {freeze, *Rage Str+4 Int+5}
rCold   . . .      Faith    .    (no shield)
rNeg    . . .      Spirit   .    m - +0 robe {Will+}
rPois   .          Reflect  .    (helmet restricted)
rElec   .          Harm     .    (no cloak)
rCorr   .          Rampage  .    (gloves unavailable)
Will    +....      Rage     20%  (boots unavailable)
Stlth   +                        (no amulet)
HPRegen 0.26/turn                g - +5 ring of evasion
MPRegen 0.12/turn                (no ring)

@: on berserk cooldown, slowed, very slow
A: large, unfitting armour, tough skin 1
a: no special abilities


You were on level 2 of the Dungeon.
You visited 1 branch of the dungeon, and saw 2 of its levels.

You collected 128 gold pieces.

Inventory:

Hand Weapons
 a - the +9 hand axe "Netziole" (weapon) {freeze, *Rage Str+4 Int+5}
   (You found it on level 2 of the Dungeon)

   Str:       It affects your strength (+4).
   Int:       It affects your intelligence (+5).
   *Rage:     It berserks you when you make melee attacks (+20% chance).
 l - a +0 flail
 n - a +0 sling
 q - a +0 mace
Missiles
 h - 4 poisoned darts
 j - 17 stones
Armour
 i - a +0 robe
 m - a +0 robe of willpower (worn)
Jewellery
 g - a +5 ring of evasion (left hand)
Scrolls
 c - a scroll of vulnerability {unknown}
 d - 2 scrolls of identify {unknown}
 k - a scroll of teleportation {unknown}
 o - a scroll of poison {unknown}
Potions
 b - a potion of magic
 e - a potion of resistance {unknown}
 f - a potion of brilliance {unknown}
 p - a potion of heal wounds {unknown}
 r - a potion of berserk rage {unknown}


   Skills:
 + Level 0.1 Fighting
 + Level 0.2 Maces & Flails
 + Level 2.0 Dodging
 - Level 1.4 Stealth
 * Level 4.0 Spellcasting
 + Level 4.3 Ice Magic


You had 4 spell levels left.
You knew the following spells:

 Your Spells              Type           Power      Damage    Failure   Level
a - Freeze                Ice            88%        1d9       1%          1
b - Frozen Ramparts       Ice            44%        1d7       6%          3
c - Ozocubu's Armour      Ice            22%        N/A       6%          3

Your spell library contained the following spells:

 Spells                   Type           Power      Damage    Failure   Level
 Sting                    Tmut/Pois      16%        1d3       12%         1
 Poisonous Vapours        Pois/Air       8%         N/A       19%         2
 Summon Ice Beast         Ice/Summ       13%        N/A       43%         4
 Olgreb's Toxic Radiance  Pois           4%         N/A       75%         4


Dungeon Overview and Level Annotations

Branches:
Dungeon (2/15)

Altars:

Annotations:
D:2 Sigmund


Innate Abilities, Weirdness & Mutations

You are too large for most types of armour.
You have tough skin. (AC +1)


Message History

Sigmund the Dreaded comes into view.
He is wielding a +0 scythe and carrying a wand of flame (9).
The ball python barely misses you. The ball python barely misses you.
Casting: Ozocubu's Armour (dangerous; 6% risk of failure)
Confirm with . or Enter, or press ? or * to list all spells.
A film of ice covers your body! The ball python barely misses you.
You barely miss the ball python. The ball python completely misses you.
The ball python bites you. The ball python completely misses you.
You slash the ball python!
The ball python seems to slow down.
You freeze the ball python.
You kill the ball python!
Your icy armour cracks and falls away as you move.
Sigmund shouts!
Sigmund barely misses you.
Sigmund points at you and mumbles some strange words.
The puff of flame hits you.
You hit Sigmund. You freeze Sigmund.
Sigmund is moderately wounded.
Sigmund zaps a wand.
The puff of flame hits you! Sigmund barely misses you.
You hit Sigmund. You freeze Sigmund.
Sigmund is moderately wounded.
Sigmund hits you but does no damage.
You barely miss Sigmund.
Sigmund is moderately wounded.
Sigmund zaps a wand.
The puff of flame hits you! Sigmund casts a spell at you.
The puff of flame hits you!
* * * LOW HITPOINT WARNING * * *
You closely miss Sigmund.
Sigmund is moderately wounded.
Sigmund barely misses you. Sigmund hits you with a +0 scythe!
* * * LOW HITPOINT WARNING * * *
You hit Sigmund. You freeze Sigmund.
Sigmund is moderately wounded.
Sigmund zaps a wand.
The puff of flame hits you.
* * * LOW HITPOINT WARNING * * *
You slash Sigmund! You freeze Sigmund.
Sigmund is severely wounded.
Sigmund zaps a wand.
The puff of flame hits you!
You die...

######......#...............@....
#................####.######
########.####.#. #. #.# ..
#########.## .###.# #..........#
.. #. #..........# ..# ..
#..........#####..# ..
#...........@@....#
#..........###....#
#..........###....##.
#.........)..........
##########†###....#.. #.# ....#
#.# ....# #.# ###.# #.# .#


You could see Sigmund.

Vanquished Creatures
  Terence (D:1)
  2 adders (D:2)
  A dart slug (D:2)
  7 ball pythons
  4 bats
  4 endoplasms
  2 giant cockroaches (D:1)
  5 goblins
  2 jackals (D:2)
  2 quokkas
  A frilled lizard (D:1)
  6 kobolds
  A rat (D:1)
38 creatures vanquished.

Notes
Turn   | Place    | Note
-------+----------+-------------------------------------------
     0 | D:1      | jimonade the Ogre Ice Elementalist began the quest for the
                  | Orb.
     0 | D:1      | Reached XP level 1. HP: 16/16 MP: 3/3
   177 | D:1      | Reached XP level 2. HP: 22/24 MP: 2/5
  1126 | D:2      | Reached XP level 3. HP: 24/31 MP: 7/7
  1361 | D:2      | Noticed Terence
  1400 | D:1      | Learned a level 3 spell: Frozen Ramparts
  1404 | D:1      | Learned a level 3 spell: Ozocubu's Armour
  1418 | D:1      | Killed Terence
  1531 | D:2      | Reached XP level 4. HP: 39/39 MP: 4/9
  1718 | D:2      | Identified the +9 hand axe "Netziole" {freeze, *Rage Str+4
                  | Int+5}
  1886 | D:2      | Noticed Sigmund
  1900 | D:2      | HP: 1/39 [Sigmund/puff of flame (3)]
  1901 | D:2      | Killed from afar by Sigmund

Illustrated notes

Levels and vault maps discovered:
D:1:      dpeg_arrival_long_road, layout_loops_ring
D:2:      layout_basic, uniq_sigmund, uniq_terence

Skill      XL: |  1  2  3  4 |
---------------+-------------+-----
Ice Magic      | 4 |  4.3
Spellcasting   | 3 4 |  4.0
Dodging        | 2 |  2.0
Fighting       | |  0.1
Maces & Flails | |  0.2
Stealth        | |  1.4

Action                     |  1- 3 |  4- 6 || total
---------------------------+-------+-------++-------
  Melee: Unarmed           |    10 |       ||    10
         Mace              |    22 |     2 ||    24
         Hand axe          |       |    14 ||    14
   Cast: Freeze            |    37 |     5 ||    42
         Ozocubu's Armour  |     1 |     3 ||     4
         Frozen Ramparts   |     1 |     1 ||     2
 Armour: Robe              |    15 |     5 ||    20
  Dodge: Dodged            |    41 |    12 ||    53

Table legend: (Time is in decaauts)
 A = Elapsed time spent in this place.
 B = Non-inter-level travel time spent in this place.
 C = Inter-level travel time spent in this place.
 D = Time resting spent in this place.
 E = Time spent auto-exploring this place.
 F = Levels seen in this place.
 G = Mean time per level.
                   A        B        C        D        E       F      G
               +--------+--------+--------+--------+--------+-----+--------+
         Total |   1928 |   1875 |     53 |    130 |   1300 |   2 |  964.0 |
       Dungeon |   1928 |   1875 |     53 |    130 |   1300 |   2 |  964.0 |
               +--------+--------+--------+--------+--------+-----+--------+

Top non-repeatable levels by time:
     D:1: 1187 daAuts
     D:2: 741 daAuts
